 Dungeon Crawl Stone Soup version 0.30-a0-279-g4b46babb21 (webtiles) character file.

Game seed: 17695577588451599973

5 plokij the Covered (level 1, 0/20 HPs)
             Began as a Minotaur Fighter on Oct 16, 2022.
             Slain by a hobgoblin (4 damage)
             ... on level 1 of the Dungeon.
             The game lasted 00:02:13 (160 turns).

plokij the Covered (Minotaur Fighter)                Turns: 160, Time: 00:02:13

Health: 0/20       AC:  1    Str: 20    XL:     1   Next: 66%
Magic:  0/0        EV: 10    Int:  5    God:
Gold:   20         SH:  4    Dex:  9    Spells: 0/0 levels left

rFire   . . .      SeeInvis .    a - +0 war axe
rCold   . . .      Faith    .    c - +0 buckler
rNeg    . . .      Spirit   .    (no body armour)
rPois   .          Reflect  .    (helmet restricted)
rElec   .          Harm     .    (no cloak)
rCorr   .          Rampage  .    e - +0 pair of gloves
Will    .....                    (no boots)
Stlth   +.........               (no amulet)
HPRegen 0.23/turn                (no ring)
MPRegen 0.07/turn                (no ring)

@: no status effects
A: horns 2, retaliatory headbutt
a: no special abilities


You were on level 1 of the Dungeon.
You visited 1 branch of the dungeon, and saw 1 of its levels.

You collected 20 gold pieces.

Inventory:

Hand Weapons
 a - a +0 war axe (weapon)
Missiles
 f - 4 stones (quivered)
Armour
 b - a +0 scale mail
 c - a +0 buckler (worn)
 e - a +0 pair of gloves (worn)
 g - a +4 ring mail
Potions
 d - a potion of might


   Skills:
 + Level 3.7 Fighting
 * Level 2.7 Axes
 + Level 3.8 Armour
 - Level 3.6 Shields


You couldn't memorise any spells.
You didn't know any spells.
Your spell library was empty.

Dungeon Overview and Level Annotations

Branches:
Dungeon (1/15)

Altars:


Innate Abilities, Weirdness & Mutations

You have a pair of horns on your head.
You reflexively headbutt those who attack you in melee.


Message History

You kill the giant cockroach!
Found a scale mail.
You see here a giant cockroach corpse.
You see here a +0 ring mail.
Found 12 gold pieces.
An endoplasm comes into view.
A hobgoblin and an endoplasm come into view.
The hobgoblin shouts!
The endoplasm quivers.
You barely miss the endoplasm.
The endoplasm quivers.
You headbutt the endoplasm.
You kill the endoplasm!
A dart slug and an endoplasm come into view.
You completely miss the hobgoblin.
The endoplasm quivers.
The hobgoblin misses you. The dart slug launches a dart at you.
The slug dart hits you. The hobgoblin hits you.
The endoplasm jiggles.
The endoplasm attacks as you move away! You block the endoplasm's attack.
The hobgoblin attacks as you move away! The hobgoblin hits you.
You hit the endoplasm but do no damage. The endoplasm freezes you.
You are frozen.
* * * LOW HITPOINT WARNING * * *
The endoplasm attacks as you move away! You block the endoplasm's attack.
You see here a +0 ring mail.
The endoplasm attacks as you move away! The endoplasm hits you.
* * * LOW HITPOINT WARNING * * *
The endoplasm attacks as you move away! The endoplasm barely misses you.
The endoplasm attacks as you move away! The endoplasm hits you.
* * * LOW HITPOINT WARNING * * *
The endoplasm attacks as you move away! The endoplasm hits you.
* * * LOW HITPOINT WARNING * * *
You slash the endoplasm!
You kill the endoplasm!
You closely miss the hobgoblin. Your headbutt misses the hobgoblin.
The hobgoblin hits you.
You die...

#.....................#
#....>########J######.# ...[..
#.### #.# ...... #...# #.#
...### ###.# #.##
.###############.# #..####
#......<......#J# ##....#
#^8.#######.8.#g# ####.#
#.............#@# #.#
#.#####.#####.#.# #.#
#.#≈≈≈#.#≈≈≈#.#.# ######.#
#.#≈≈≈#.#≈≈≈#.#.###......##
#.#≈≈S#.#≈≈S#.#...........#
#.#####.#####.####......#.##.#
#.............##......)..>...#
##.#########.###....##########
... #..##....#


You could see an endoplasm and a hobgoblin.

Vanquished Creatures
  2 endoplasms (D:1)
  A giant cockroach (D:1)
  A frilled lizard (D:1)
  A kobold (D:1)
5 creatures vanquished.

Notes
Turn   | Place    | Note
-------+----------+-------------------------------------------
     0 | D:1      | plokij the Minotaur Fighter began the quest for the Orb.
     0 | D:1      | Reached XP level 1. HP: 19/19 MP: 0/0
     3 | D:1      | Noticed an electric eel
    16 | D:1      | Noticed an electric eel
   160 | D:1      | Slain by a hobgoblin

Illustrated notes

Levels and vault maps discovered:
D:1:      arrival_aquarium_b, layout_basic,
          hellmonk_ecumenical_altar_inner_sanctum

Action                   || total
-------------------------++-------
Melee: War axe           ||    12
       Headbutt          ||     2
Armor: Scale mail        ||     2
Dodge: Dodged            ||     7
Block: Buckler           ||     3

Table legend: (Time is in decaauts)
 A = Elapsed time spent in this place.
 B = Non-inter-level travel time spent in this place.
 C = Inter-level travel time spent in this place.
 D = Time resting spent in this place.
 E = Time spent auto-exploring this place.
 F = Levels seen in this place.
 G = Mean time per level.
                   A        B        C        D        E       F      G
               +--------+--------+--------+--------+--------+-----+--------+
         Total |    164 |    100 |     64 |      0 |      0 |   1 |  164.0 |
       Dungeon |    164 |    100 |     64 |      0 |      0 |   1 |  164.0 |
               +--------+--------+--------+--------+--------+-----+--------+

Top non-repeatable levels by time:
     D:1: 164 daAuts
